 Dungeon Crawl Stone Soup version 0.29-a0-359-g541a27f54d (webtiles) character file.

Game seed: 14072221914350724990

502 zeratav the Shooter (level 6, -7/48 HPs)
             Began as a Demigod Hunter on Apr 27, 2022.
             Mangled by Edmund
             ... wielding a +3 flail of protection
              (12 damage)
             ... on level 4 of the Dungeon.
             The game lasted 00:05:18 (3555 turns).

zeratav the Shooter (Demigod Hunter)                Turns: 3555, Time: 00:05:18

Health: -7/48      AC:  5    Str: 12    XL:     6   Next: 63%
Magic:  8/8        EV: 12    Int: 11    God:
Gold:   179        SH:  0    Dex: 25    Spells: 5/5 levels left

rFire   . . .      SeeInvis .   w - +2 long sword (protect) {long}
rCold   . . .      Faith    .   (no shield)
rNeg    . . .      Spirit   .   b - +0 leather armour
rPois   .          Reflect  .   n - +0 helmet
rElec   .          Harm     .   (no cloak)
rCorr   .          Rampage  .   (no gloves)
Will    .....                   p - +0 pair of boots
Stlth   ++........              (no amulet)
HPRegen 0.16/turn               (no ring)
MPRegen 0.11/turn               (no ring)

@: mighty
A: high MP 1, forlorn, divine attributes
a: no special abilities


You were on level 4 of the Dungeon.
You visited 1 branch of the dungeon, and saw 4 of its levels.

You collected 179 gold pieces.


Innate Abilities, Weirdness & Mutations

You have an increased reservoir of magic. (+10% MP)
You shall have no god before yourself.
Your divine heritage dramatically boosts your attributes as you level up.


   Skills:
 - Level 1.7 Fighting
 + Level 7.7 Bows
 - Level 1.7 Dodging
 - Level 0.8 Stealth


You had 5 spell levels left.
You didn't know any spells.
Your spell library was empty.

Inventory:

Hand Weapons
 a - a +1 shortbow {bow}
 w - a +2 long sword of protection (weapon) {long}
   (You found it on level 2 of the Dungeon)
Missiles
 l - 2 curare-tipped darts {=fthrowing}
Armour
 b - a +0 leather armour (worn)
 j - a +0 robe
   (You took it off an orc wizard on level 4 of the Dungeon)
 n - a +0 helmet (worn)
   (You found it on level 1 of the Dungeon)
 p - a +0 pair of boots (worn)
   (You found it on level 3 of the Dungeon)
Jewellery
 q - a ring of ice
   (You found it on level 1 of the Dungeon)
Wands
 k - a wand of flame (9)
   (You took it off Sigmund on level 2 of the Dungeon)
Scrolls
 c - a scroll of immolation {!r!r}
 e - a scroll of torment {unknown}
 g - a scroll of magic mapping {unknown}
 h - a scroll of amnesia {unknown}
 i - 2 scrolls of noise {unknown}
 m - a scroll of holy word {unknown}
 r - 3 scrolls of identify {unknown}
 u - a scroll of teleportation {unknown}
Potions
 d - 2 potions of flight {unknown}
 f - 3 potions of mutation {unknown}
 o - a potion of magic {unknown}
 s - 4 potions of curing {unknown}

Dungeon Overview and Level Annotations

Branches:
Dungeon (4/15)
 Temple: D:4-7

Annotations:
D:4 Edmund

#### ###
###..##########.#
#.....##..<.....##
##......#......@@.#
##......##.....#..#
........##.....####
................##
.................###
......#.#.##..รท....##
......#.####.........
...#......###........
##.##.<....#<........


You could see Edmund.


Message History

j - a +0 robe
Things that are here:
a +0 dagger {short}; an orc corpse You see here a quokka corpse.
Things that are here:
a +0 hand axe {axe}; an orc corpse
o - a murky cyan potion You now have 179 gold pieces (gained 15).
A hobgoblin comes into view.
The hobgoblin shouts!
You shoot an arrow. The arrow hits the hobgoblin.
You shoot an arrow. The arrow hits the hobgoblin!
You kill the hobgoblin!
No target in view!
No target in view!
You see here a staff of death {staff}.
Edmund the Younger comes into view.
He is wielding a +3 flail of protection and wearing a +2 chain mail of cold resistance.
Edmund shouts!
You shoot an arrow.
The arrow hits Edmund but does no damage.
Edmund gestures with his flail.
You shoot an arrow. The arrow closely misses Edmund.
You shoot an arrow. The arrow barely misses Edmund.
You shoot an arrow.
The arrow hits Edmund but does no damage.
Edmund says, "People accused me of being a cutpurse!"
There is a stone staircase leading up here.
You climb upwards.
There is a stone staircase leading down here.
You open the door.
There is an open door here.
There is an open door here.
There is a stone staircase leading down here.
You climb downwards.
Level annotation: Edmund
There is a stone staircase leading up here.
r - 3 scrolls labelled SIEFAR YMIMAF (gained 1)
Aiming: Throw Flame
Press: ? - help, Q - select action, (/) - cycle Shift-Dir - straight line, f - Edmund
Aim: Edmund, wielding a +3 flail of protection and wearing a +2 chain mail of cold resistance (77% to hit)
The puff of flame misses Edmund.
Aiming: Throw Flame
Press: ? - help, Shift-Dir - straight line, f/p - Edmund
Aim: Edmund, wielding a +3 flail of protection and wearing a +2 chain mail of cold resistance (77% to hit)
The puff of flame hits Edmund!
Edmund hits you with a +3 flail of protection!
HP[-11]
You take 11 damage, and now have 37/48 hp.
MASSIVE DAMAGE!! (PAUSE)
Aiming: Throw Flame
Press: ? - help, Shift-Dir - straight line, f/p - Edmund
Aim: Edmund, wielding a +3 flail of protection and wearing a +2 chain mail of cold resistance (lightly wounded, 77% to hit)
The puff of flame hits Edmund but does no damage.
Edmund hits you with a +3 flail of protection.
HP[-4]
You take 4 damage, and now have 33/48 hp.
That's the wrong kind of item! (Use * to select it.) Evoke which item? (* to show all) (? for menu, Esc to quit)
Okay, then.
Okay, then.
You feel very mighty all of a sudden.
Edmund hits you with a +3 flail of protection!
HP[-6]
You take 6 damage, and now have 27/48 hp.
Your +2 long sword of protection {long} hums with potential!
w - a +2 long sword of protection (weapon)
{long} You hit Edmund but do no damage.
Your weapon exudes an aura of protection.
Edmund closely misses you. Edmund misses you.
You barely miss Edmund.
Edmund hits you with a +3 flail of protection.
* * * LOW HITPOINT WARNING * * *
HP[-5]
You take 5 damage, and now have 22/48 hp.
You hit Edmund but do no damage. Edmund closely misses you.
You slash Edmund! Edmund misses you. Edmund completely misses you.
HP[+1]
You barely miss Edmund.
Edmund hits you with a +3 flail of protection!
* * * LOW HITPOINT WARNING * * *
HP[-9]
You take 9 damage, and now have 14/48 hp.
You hit Edmund but do no damage.
Edmund asks, "Have you met my wondrous brother?"
Edmund barely misses you.
Edmund hits you with a +3 flail of protection.
* * * LOW HITPOINT WARNING * * *
HP[-6]
You take 6 damage, and now have 8/48 hp.
You slash Edmund! Edmund misses you.
You slash Edmund!
Edmund hits you with a +3 flail of protection.
* * * LOW HITPOINT WARNING * * *
HP[-3]
You take 3 damage, and now have 5/48 hp.
You closely miss Edmund. Edmund hits you but does no damage. x2
You closely miss Edmund. Edmund barely misses you.
You barely miss Edmund. Edmund barely misses you.
Edmund hits you with a +3 flail of protection!
You die...

Skill      XL: |  1  2  3  4  5 |
---------------+----------------+-----
Bows           | 4 5 6 7 |  7.7
Fighting       | |  1.7
Dodging        | |  1.7
Stealth        | |  0.8

Action                   |  1- 3 |  4- 6 || total
-------------------------+-------+-------++-------
Melee: Long sword        |       |    11 ||    11
 Fire: Shortbow          |    25 |   162 ||   187
Evoke: Wand              |       |     3 ||     3
  Use: Potion            |       |     1 ||     1
Armor: Leather armour    |       |    10 ||    10
Dodge: Dodged            |    11 |    58 ||    69

Levels and vault maps discovered:
D:1:      heliophobic_arrival_ceremonial_halls, layout_basic,
          hangedman_decor_growths
D:2:      layout_rooms, chequers_ecumenical_altar_simple, serial_forest,
          infiniplex_forest_end_3, infiniplex_forest_end_3,
          infiniplex_forest_clump_tiny, infiniplex_forest_lined_2,
          infiniplex_forest_clump_large, infiniplex_forest_diagonal,
          infiniplex_forest_corner_1, infiniplex_forest_clump_curved,
          basic_altar, uniq_natasha, uniq_sigmund, uniq_jessica
D:3:      layout_loops_corners
D:4:      layout_cave_pools, nrook_campfire, uniq_edmund

Notes
Turn   | Place    | Note
-------+----------+-------------------------------------------
     0 | D:1      | zeratav the Demigod Hunter began the quest for the Orb.
     0 | D:1      | Reached XP level 1. HP: 17/17 MP: 3/3
     0 | D:1      | magus.rc [v1.9.6]
    53 | D:1      | Reached skill level 4 in Bows
    68 | D:1      | You fall into a shaft and drop 1 floor!
   139 | D:2      | Reached XP level 2. HP: 24/24 MP: 4/4
   143 | D:2      | Noticed Sigmund
   154 | D:2      | Killed Sigmund
   155 | D:2      | Reached skill level 5 in Bows
   155 | D:2      | Reached XP level 3. HP: 10/29 MP: 5/5
   155 | D:2      | Reached XP level 4. HP: 13/36 MP: 6/6
   157 | D:2      | HP: 8/36 [adder (2)]
   159 | D:2      | Reached skill level 6 in Bows
   159 | D:2      | Reached XP level 5. HP: 7/41 MP: 7/7
  1532 | D:2      | Noticed Natasha
  1542 | D:2      | Killed Natasha
  1590 | D:2      | Noticed Natasha
  1597 | D:2      | Killed Natasha
  1636 | D:2      | Noticed Natasha
  1639 | D:2      | Killed Natasha
  1962 | D:2      | Noticed Jessica
  1963 | D:2      | Killed Jessica
  2263 | D:2      | Reached skill level 7 in Bows
  2263 | D:2      | Reached XP level 6. HP: 38/48 MP: 8/8
  3473 | D:4      | Noticed Edmund
  3550 | D:4      | HP: 8/48 [Edmund/+3 flail of protection (6)]
  3555 | D:4      | Mangled by Edmund

Vanquished Creatures
  Sigmund (D:2)
  A phantom (D:3)
  Jessica (D:2)
  An iguana (D:4)
  2 orc wizards
  Natasha (thrice) (D:2)
  4 adders
  2 worms (D:3)
  A dart slug (D:3)
  5 orcs
  4 endoplasms
  2 giant cockroaches (D:1)
  10 hobgoblins
  2 jackals (D:1)
  4 quokkas
  7 ball pythons
  3 bats
  3 frilled lizards
  2 goblins (D:2)
  3 kobolds
  2 rats
63 creatures vanquished.

Vanquished Creatures (others)
  5 plants (D:2)
5 creatures vanquished.

Grand Total: 68 creatures vanquished

Table legend:
 A = Non-vault XP
 B = Vault XP
 C = Vault XP percentage of total XP
 D = Non-vault monster count
 E = Vault monster count
 F = Vault count percentage of total count
                 A         B        C        D         E       F
            +---------+---------+-------+---------+---------+-------
      Total |     432 |     286 |  39.8 |      60 |       3 |   4.8
            +---------+---------+-------+---------+---------+-------
        D:1 |      40 |       0 |   0.0 |      22 |       0 |   0.0
        D:2 |     157 |     286 |  64.6 |      19 |       3 |  13.6
        D:3 |     138 |       0 |   0.0 |      11 |       0 |   0.0
        D:4 |      97 |       0 |   0.0 |       8 |       0 |   0.0
            +---------+---------+-------+---------+---------+-------

Illustrated notes

Table legend:
 A = Kills in this place as a percentage of kills in entire the game.
 B = Kills by you in this place as a percentage of kills by you in the entire game.
 C = Kills by friends in this place as a percentage of kills by friends in the entire game.
 D = Other kills in this place as a percentage of other kills in the entire game.
 E = Experience gained in this place as a percentage of experience gained in the entire game.
 F = Experience gained in this place divided by the number of levels of this place that you have seen.
                   A       B       C       D       E      F
               +-------+-------+-------+-------+-------+----------------------
         Total | 100.0 | 100.0 |   N/A |   N/A | 100.0 | 179.5
       Dungeon | 100.0 | 100.0 |   N/A |   N/A | 100.0 | 179.5
               +-------+-------+-------+-------+-------+----------------------

Table legend: (Time is in decaauts)
 A = Elapsed time spent in this place.
 B = Non-inter-level travel time spent in this place.
 C = Inter-level travel time spent in this place.
 D = Time resting spent in this place.
 E = Time spent auto-exploring this place.
 F = Levels seen in this place.
 G = Mean time per level.
                   A        B        C        D        E       F      G
               +--------+--------+--------+--------+--------+-----+--------+
         Total |   3605 |   3436 |    169 |    481 |   2484 |   4 |  901.2 |
       Dungeon |   3605 |   3436 |    169 |    481 |   2484 |   4 |  901.2 |
               +--------+--------+--------+--------+--------+-----+--------+

Top non-repeatable levels by time:
     D:2: 1420 daAuts
     D:3: 977 daAuts
     D:1: 971 daAuts
     D:4: 237 daAuts
